 Dungeon Crawl Stone Soup version 0.20.1-1-g8b1a95d (webtiles) character file.

473 Linguinho the Magician (level 6, 0/34 HPs)
             Began as a Deep Elf Earth Elementalist on Oct 28, 2017.
             Slain by Pikel
             ... wielding a +0 whip of freezing
              (11 damage)
             ... on level 3 of the Dungeon.
             The game lasted 00:17:54 (4001 turns).

Linguinho the Magician (DEEE)                       Turns: 4001, Time: 00:17:55

Health: 0/34       AC:  5    Str:  5    XL:     6   Next: 83%
Magic:  15/16      EV: 13    Int: 25    God:
Gold:   221        SH:  0    Dex: 15    Spells: 10/16 levels left

rFire    . . .     SeeInvis .   a - +1 dagger (drain)
rCold    . . .     Gourm    +   (no shield)
rNeg     . . .     Faith    .   c - +0 robe
rPois    .         Spirit   .   m - +2 helmet
rElec    .         Reflect  .   (no cloak)
rCorr    .         Harm     .   (no gloves)
MR       .....                  (no boots)
Stlth    +++.......             v - amulet of the gourmand
Regen    0.2/turn               f - +3 ring of intelligence
MPRegen  0.2/turn               h - ring of stealth

@: lethally poisoned (0 -> -1)
A: no striking features
a: no special abilities


You were on level 3 of the Dungeon.
You were not hungry.

You visited 1 branch of the dungeon, and saw 4 of its levels.

You collected 221 gold pieces.

Inventory:

Hand Weapons
 a - a +1 dagger of draining (weapon)
 n - a +1 spear of flaming
Missiles
 b - 22 stones (quivered)
Armour
 c - a +0 robe (worn)
 m - a +2 helmet (worn)
Jewellery
 f - a +3 ring of intelligence (left hand)
 g - an uncursed ring of ice
 h - a ring of stealth (right hand)
 l - an uncursed ring of flight
 v - an amulet of the gourmand (around neck)
Wands
 d - a wand of polymorph (15/24)
Scrolls
 j - a scroll of identify
 s - a scroll of teleportation
Potions
 i - a potion of curing {unknown}
 k - a potion of berserk rage {unknown}
 q - a potion of flight {unknown}
 u - a potion of ambrosia
Books
 e - a book of Geomancy

   Spells                             Type                      Level
   a - Sandblast                      Earth                        1
   b - Passwall                       Transmutation/Earth          2
   c - Stone Arrow                    Conjuration/Earth            3
   d - Petrify                        Transmutation/Earth          4
   e - Lee's Rapid Deconstruction     Earth                        5
Comestibles
 o - a bread ration
 p - 3 chunks of flesh
 t - a royal jelly


   Skills:
 * Level 1.4 Fighting
 * Level 2.2 Short Blades
 + Level 3.0 Dodging
 * Level 3.4 Stealth
 * Level 5.8 Spellcasting
 * Level 1.6 Conjurations
 * Level 1.8 Transmutations
 * Level 5.1 Earth Magic


You had 10 spell levels left.
You knew the following spells:

 Your Spells              Type           Power        Failure   Level  Hunger
a - Sandblast             Erth           ####..       1%          1    None
b - Passwall              Tmut/Erth      ###.......   2%          2    None
c - Stone Arrow           Conj/Erth      ###...       5%          3    #......


Dungeon Overview and Level Annotations

Branches:
Dungeon (4/15)
 Temple: D:4-7

Altars:
Xom

Annotations:
D:3 Pikel


Message History

Aiming: Sandblast
Press: ? - help, Shift-Dir - straight line, f - Pikel
Aim: Pikel, wielding a whip of freezing and wearing a robe (heavily wounded)
The blast of sand hits Pikel.
Pikel is heavily wounded.
b - 23 stones Pikel hits you with a whip of freezing!
Pikel freezes you.
Casting: Sandblast
Confirm with . or Enter, or press ? or * to list all spells.
Aiming: Sandblast
Press: ? - help, Shift-Dir - straight line, f/p - Pikel
Aim: Pikel, wielding a whip of freezing and wearing a robe (heavily wounded)
The blast of sand hits Pikel.
Pikel is severely wounded.
b - 22 stones You feel sick.
Pikel barely misses you.
You feel sick. Pikel hits you with a whip of freezing!
You die...
Xom howls with laughter!

.....######.###.#.##.# #..# #.#
.............##.#.##.# #..# #.#
...#########.##.#.##.####..####.#
##.#.......)..#.#.##.............
...........).....................
.#.#........#)...................
.#.#........##..#.###############
.#)###########.##.##.............
.#..............@..........).....
..........#####K#.##.......รท.....
........#.# #.#.##.....########
........#.# #...##.....# #
#.##..#.#.# ##..##.....# #
#.......#.# #..##.....# #
####..#.#.# #####'###############
####..#.#.###....>...............
...................##############


You could see Pikel.

Vanquished Creatures
  Sigmund (D:3)
  An orc priest (D:3)
  Natasha (twice) (D:3)
  Terence (D:3)
  Robin (D:3)
  6 gnolls
  2 adders
  3 oozes
  4 worms
  2 dart slugs
  4 leopard geckos
  8 orcs (D:3)
  10 bats
  15 goblins
  12 hobgoblins
  6 jackals
  10 kobolds
  2 quokkas
  3 ball pythons
  5 frilled lizards
  3 rats
101 creatures vanquished.

Notes
Turn   | Place    | Note
-------+----------+-------------------------------------------
     0 | D:1      | Linguinho the Deep Elf Earth Elementalist began the quest for the Orb.
     0 | D:1      | Reached XP level 1. HP: 10/10 MP: 6/6
   379 | D:1      | Reached XP level 2. HP: 9/15 MP: 6/8
   383 | D:1      | Learned a level 2 spell: Passwall
  1125 | D:1      | Reached skill level 1 in Short Blades
  1313 | D:2      | Reached XP level 3. HP: 20/20 MP: 6/9
  1318 | D:2      | Learned a level 3 spell: Stone Arrow
  1583 | D:2      | Reached XP level 4. HP: 14/24 MP: 4/12
  1816 | D:2      | Found a faded altar of an unknown god.
  1941 | D:2      | Became a worshipper of Xom of Malicious Giggling
  1962 | D:2      | Fell from the grace of Xom
  2708 | D:3      | Reached XP level 5. HP: 12/28 MP: 6/13
  2864 | D:3      | Noticed Robin
  3104 | D:3      | XOM: summons 4 hostile shadow creatures
  3207 | D:3      | XOM: divination: magic mapping
  3274 | D:3      | Noticed Natasha
  3277 | D:3      | Killed Natasha
  3277 | D:3      | Reached skill level 1 in Fighting
  3298 | D:3      | Killed Robin
  3298 | D:3      | Reached skill level 1 in Conjurations
  3301 | D:3      | Reached skill level 5 in Spellcasting
  3468 | D:3      | Noticed Terence
  3493 | D:3      | Killed Terence
  3493 | D:3      | Reached XP level 6. HP: 34/34 MP: 15/15
  3790 | D:3      | Noticed Natasha
  3793 | D:3      | Killed Natasha
  3899 | D:3      | Noticed Sigmund
  3902 | D:3      | Killed Sigmund
  3902 | D:3      | Reached skill level 5 in Earth Magic
  3981 | D:4      | Noticed Pikel
  3981 | D:4      | Noticed a slave
  3981 | D:4      | Noticed a slave
  3981 | D:4      | Noticed a slave
  3981 | D:4      | Noticed a slave
  4001 | D:3      | Slain by Pikel

Skill      XL: |  1  2  3  4  5  6 |
---------------+-------------------+-----
Short Blades   | 1 2 |  2.2
Spellcasting   | 4 5 |  5.8
Earth Magic    | 4 5 |  5.1
Stealth        | 3 |  3.4
Dodging        | 3 |  3.0
Fighting       | 1 |  1.4
Conjurations   | 1 |  1.6
Transmutations | |  1.8

Action                   |  1- 3 |  4- 6 || total
-------------------------+-------+-------++-------
Melee: Dagger            |    61 |    64 ||   125
 Cast: Sandblast         |    23 |    54 ||    77
       Stone Arrow       |     4 |    24 ||    28
Invok: Renounce Religion |       |     1 ||     1
  Use: Scroll            |       |     6 ||     6
       Potion            |       |     1 ||     1
 Stab: Sleeping          |     2 |    11 ||    13
  Eat: Bread ration      |     1 |       ||     1
       Chunk             |       |     7 ||     7
Armor: Robe              |    10 |    16 ||    26
Dodge: Dodged            |    51 |    40 ||    91
